 Dungeon Crawl Stone Soup version 0.31-a0-1540-g5a0b83f448 (webtiles) character file.

Game seed: 7911720714221202644

2030 dialectric the Changeling (level 9, 0/62 HPs)
             Began as an Octopode Shapeshifter on Jan 1, 2024.
             Was a Follower of Nemelex Xobeh.
             Slain by an orc wizard
             ... wielding a +0 dagger
              (3 damage)
             ... on level 7 of the Dungeon.
             The game lasted 00:07:10 (5692 turns).

dialectric the Changeling (Octopode Shapeshifter)   Turns: 5692, Time: 00:07:10

Health: 0/62       AC:  1    Str: 15    XL:     9   Next: 23%
Magic:  9/9        EV: 15    Int: 13    God:    Nemelex Xobeh [*.....]
Gold:   273        SH:  0    Dex: 13    Spells: 8/8 levels left

rFire   . . .        f - +2 dagger (drain)
rCold   . . .        (no shield)
rNeg    + . .        (helmet currently unavailable)
rPois   .            k - amulet of regeneration
rElec   .            d - ring of wizardry
rCorr   .            o - ring of positive energy
SInv    .            (no ring)
Will    .....        (no ring)
Stlth   ++++         (no ring)
HPRegen 1.10/turn    (no ring)
MPRegen 0.11/turn    (no ring)
                     (no ring)

%: wizardry (x1)
@: beast-form
A: beast (slay +4), almost no armour, amphibious, 8 rings, camouflage 1,
gelatinous body 1, (nimble swimmer 1), tentacles
a: Begin Untransformation, Renounce Religion, Draw Escape, Draw Destruction,
Draw Summoning


You were on level 7 of the Dungeon.
You worshipped Nemelex Xobeh.
Nemelex Xobeh was aware of your devotion.
You were a hulking beast.
You visited 2 branches of the dungeon, and saw 8 of its levels.

You collected 273 gold pieces.

Inventory:

Hand Weapons
 f - a +2 dagger of draining (weapon)
 B - a +0 rapier
Missiles
 n - a throwing net
 t - 12 poisoned darts (quivered)
Armour
 y - a scarf of invisibility
Jewellery
 d - a ring of wizardry (left tentacle)
 k - an amulet of regeneration (around mantle)
 o - a ring of positive energy (right tentacle)
 p - an amulet of magic regeneration
Talismans
 b - a beast talisman
 c - a flux talisman
 x - a serpent talisman
Wands
 q - a wand of flame (7)
Scrolls
 e - a scroll of vulnerability {unknown}
 j - 2 scrolls of enchant weapon {unknown}
 l - 4 scrolls of teleportation {unknown}
 m - 2 scrolls of identify {unknown}
 r - a scroll of brand weapon {unknown}
 u - 2 scrolls of enchant armour {unknown}
 w - a scroll of immolation {unknown}
 A - 2 scrolls of summoning {unknown}
 E - a scroll of amnesia {unknown}
Potions
 a - a potion of heal wounds {unknown}
 g - a potion of haste
 h - 2 potions of brilliance {unknown}
 i - 3 potions of might {unknown}
 s - 2 potions of berserk rage {unknown}
 v - a potion of degeneration {unknown}
 z - a potion of enlightenment {unknown}
 C - 2 potions of cancellation {unknown}
 D - a potion of curing {unknown}


   Skills:
 + Level 5.7 Fighting
 + Level 6.0 Dodging
 + Level 5.5 Stealth
 - Level 4.0 Unarmed Combat
 * Level 7.1 Shapeshifting


You had 8 spell levels left.
You didn't know any spells.
Your spell library was empty.

Dungeon Overview and Level Annotations

Branches:
Dungeon (7/15)             Temple (1/1) D:4

Altars:
Cheibriados
Dithmenos
Gozag
Hepliaklqana
Kikubaaqudgha
Makhleb
Nemelex Xobeh
Okawaru
Qazlal
Ru
Sif Muna
Trog
Vehumet
Wu Jian
Xom
Zin
The Shining One

Shops:
D:4 *

Annotations:
D:3 1 runed translucent door, Crazy Yiuf


Innate Abilities, Weirdness & Mutations

You are a hulking beast.
Your limbs bulge with bestial killing power. (Slay +4)
You cannot wear most types of armour.
You are amphibious.
You can wear up to eight rings at the same time.
Your skin changes colour to match your surroundings (Stealth+).
Your rubbery body absorbs attacks. (AC +1, EV +1)
((You are camouflaged when in or above water. (Stealth+)))
You have tentacles for arms and can constrict up to eight enemies at once.


Message History

Things that are here:
a +0 mace; a +0 plate armour; an orc corpse Unknown command.
You completely miss the orc priest. You grab the orc priest.
Your squeeze misses the orc priest. You constrict the orc priest.
The orc priest mumbles some strange prayers to Beogh against you.
Beogh smites you! Something hits you.
Unknown command.
You puncture the orc priest! You drain the orc priest.
You kill the orc priest!
Something hits you.
* * * LOW HITPOINT WARNING * * *
You hear some strange, mumbled words.
Something tries to affect you, but you resist.
Your Dodging skill increases to level 6!
A howler monkey comes into view.
Something hits you.
* * * LOW HITPOINT WARNING * * *
You see here a +0 falchion.
You closely miss something.
You hear some strange, mumbled words.
A magic dart appears from out of thin air!
The magic dart hits you.
* * * LOW HITPOINT WARNING * * *
Something hits you.
* * * LOW HITPOINT WARNING * * *
You closely miss something. Something hits you.
* * * LOW HITPOINT WARNING * * *
Something hits you.
* * * LOW HITPOINT WARNING * * *
Unknown command.
You hit something. Something hits you.
* * * LOW HITPOINT WARNING * * *
Something hits you.
* * * LOW HITPOINT WARNING * * *
You hit something. Something hits you but does no damage. Something hits you.
* * * LOW HITPOINT WARNING * * *
You hit something. Something hits you.
You die...
Your body glows slightly and disappears.

#. .. .
.# # ###.
#. #..
#.###.#
...#h#
#.###.#{#
#...<..)#
#########


There were no monsters in sight!

Vanquished Creatures
  A water moccasin (D:6)
  An ice beast (D:6)
  A black bear (D:5)
  An orc warrior (D:7)
  2 ogres
  A centaur (D:4)
  3 phantoms (D:5)
  A bullfrog (D:6)
  A gnoll sergeant (D:5)
  2 scorpions
  2 bombardier beetles
  2 jellies
  An orc priest (D:7)
  2 gnoll boudas (D:6)
  4 hounds
  Jessica (D:3)
  3 iguanas
  Natasha (D:2)
  4 orc wizards
  Ijyb (D:3)
  18 gnolls
  6 adders
  2 white imps (D:6)
  2 ufetubi (D:6)
  4 dart slugs
  23 orcs
  3 bats
  An endoplasm (D:1)
  2 giant cockroaches
  12 goblins
  6 hobgoblins
  3 jackals (D:4)
  5 quokkas
  7 ball pythons
  4 frilled lizards
  5 kobolds
  2 rats (D:1)
140 creatures vanquished.

Notes
Turn   | Place    | Note
-------+----------+-------------------------------------------
     0 | D:1      | dialectric the Octopode Shapeshifter began the quest for
                  | the Orb.
     0 | D:1      | Reached XP level 1. HP: 13/13 MP: 1/1
   242 | D:1      | Reached XP level 2. HP: 18/18 MP: 2/2
   809 | D:1      | Reached XP level 3. HP: 23/23 MP: 3/3
  1363 | D:2      | Reached XP level 4. HP: 26/29 MP: 4/4
  1716 | D:2      | Noticed Natasha
  1722 | D:2      | Killed Natasha
  1964 | D:3      | Noticed Jessica
  1972 | D:3      | Killed Jessica
  1973 | D:3      | Reached XP level 5. HP: 30/35 MP: 5/5
  2028 | D:3      | Noticed Ijyb
  2035 | D:3      | Killed Ijyb
  2561 | D:3      | Found a runed translucent door.
  2562 | D:3      | Noticed Crazy Yiuf
  2987 | D:4      | Reached skill level 4 in Shapeshifting
  3000 | D:4      | Identified the +5 hand axe "Acarinebane" {elec, +Blink rC-
                  | rN+++ Stlth-}
  3025 | D:4      | Reached XP level 6. HP: 41/41 MP: 6/6
  3116 | D:4      | Found Duej's General Store.
  3153 | D:4      | Reached XP level 7. HP: 47/47 MP: 7/7
  3249 | D:4      | Found a staircase to the Ecumenical Temple.
  3505 | Temple   | Entered the Ecumenical Temple
  3550 | Temple   | Became a worshipper of Nemelex Xobeh the Trickster
  3822 | D:5      | Entered Level 5 of the Dungeon
  3961 | D:5      | Reached skill level 1 in Stealth
  4104 | D:5      | Reached skill level 5 in Shapeshifting
  4194 | D:5      | Reached XP level 8. HP: 23/54 MP: 8/8
  4431 | D:5      | Reached skill level 5 in Dodging
  4484 | D:5      | Reached skill level 6 in Shapeshifting
  4729 | D:6      | Reached * piety under Nemelex Xobeh
  4811 | D:6      | Reached skill level 5 in Fighting
  4972 | D:6      | Received a gift from Nemelex Xobeh
  5217 | D:6      | Reached XP level 9. HP: 61/61 MP: 9/9
  5229 | D:6      | Reached skill level 5 in Stealth
  5582 | D:6      | Reached skill level 7 in Shapeshifting
  5690 | D:7      | HP: 2/62 [something (2)]
  5692 | D:7      | Slain by an orc wizard

Illustrated notes

Levels and vault maps discovered:
D:1:      amcnicky_arrival_blooded_trapdoor, layout_basic, minmay_ruptured
D:2:      layout_basic, uniq_natasha, uniq_terence
D:3:      layout_rooms, nicolae_eternal_life, grunt_decor_cap, minmay_bisected,
          uniq_jessica, uniq_crazy_yiuf_cottage, uniq_ijyb
D:4:      layout_gridville, minmay_temple_entry_overgrown, serial_shops,
          nicolae_stop_n_shop_1
D:5:      nicolae_BIG_FREAKIN_CUBE, layout_basic
D:6:      layout_loops_ring, minmay_ogre_servants
D:7:      layout_basic, grunt_temple_overflow_cloverleaf, elyvilon_altar_5,
          enter_bailey_3, minmay_misc_feat_x, kennysheep_generic_room_4,
          uniq_maurice
Temple:   minmay_crystal_spiral_temple

Skill      XL: |  1  2  3  4  5  6  7  8  9 |
---------------+----------------------------+-----
Fighting       | 2 3 4 5 |  5.7
Dodging        | 3 4 5 6 |  6.0
Unarmed Combat | 4 |  4.0
Shapeshifting  | 4 5 6 7 |  7.1
Stealth        | 2 4 5 |  5.5

Action                     |  1- 3 |  4- 6 |  7- 9 || total
---------------------------+-------+-------+-------++-------
  Melee: Unarmed           |    34 |       |       ||    34
         Constrict         |    14 |    21 |    42 ||    77
         Tentacles         |     5 |    17 |    35 ||    57
         Punch             |     3 |     3 |     5 ||    11
         Dagger            |    22 |    60 |   215 ||   297
    Use: Potion            |       |       |     2 ||     2
   Stab: Sleeping          |     9 |     7 |     9 ||    25
 Armour: Skin              |    18 |    36 |   139 ||   193
  Dodge: Dodged            |    30 |    31 |   130 ||   191

Table legend: (Time is in decaauts)
 A = Elapsed time spent in this place.
 B = Non-inter-level travel time spent in this place.
 C = Inter-level travel time spent in this place.
 D = Time resting spent in this place.
 E = Time spent auto-exploring this place.
 F = Levels seen in this place.
 G = Mean time per level.
                   A        B        C        D        E       F      G
               +--------+--------+--------+--------+--------+-----+--------+
         Total |   5669 |   5382 |    287 |     61 |   4137 |   8 |  708.6 |
       Dungeon |   5582 |   5367 |    215 |     61 |   4137 |   7 |  797.4 |
        Temple |     87 |     15 |     72 |      0 |      0 |   1 |   87.0 |
               +--------+--------+--------+--------+--------+-----+--------+

Top non-repeatable levels by time:
     D:1: 1015 daAuts
     D:3: 1014 daAuts
     D:6: 963 daAuts
     D:2: 902 daAuts
     D:4: 859 daAuts
     D:5: 807 daAuts
  Temple: 87 daAuts
     D:7: 18 daAuts
